AoeStats
← Lil Fabrice

Arena

510098583Analyzed
4v4 RM · 3d ago on Sep 29, 2026· 45m 1s· 8 players
Game mode
Random Map
Map size
Large (8 player)
Population
200
Speed
Normal
Resources
Standard
Victory
Conquest
Starting age
Dark Age
Ending age
Imperial Age
RankedLock teamsTeams togetherTeam positionsShared explorationLock speedFull tech treeHidden civsTurbo modeCheats
Victory
Defeat
🇫🇷 Burgundians · France
1566
+10
🇫🇷 Italians · France
1430
+16
🇨🇦 Khmer · Canada
1399
+17
🇫🇷 Saxons · France
1319
+20
🇨🇳 Bengalis · China
1428
-16
🇨🇳 Varangians · China
1427
-16
🇨🇳 Huns · China
1427
-16
🇦🇷 Vietnamese · Argentina
1413
-15
都挺好
10:04 Feudal Age
14:02 Castle Age
12:22 Double-Bit Axe
12:28 Horse Collar
15:14 Bow Saw
16:04 Loom
17:04 Fletching
18:40 Gold Mining
18:57 Bodkin Arrow
20:54 Padded Archer Armor
23:44 Leather Archer Armor
26:11 Town Watch
35:15 Wheelbarrow
35:10 Heavy Plow
36:58 Hand Cart
41:11 Imperial Age
39:04 Pikeman
39:44 Squires
39:30 Arson
40:40 Scale Mail Armor
40:50 Forging
41:13 Halberdier
車
10:34 Feudal Age
14:14 Castle Age
12:10 Horse Collar
12:42 Double-Bit Axe
20:52 Heavy Plow
21:23 Bow Saw
23:58 Loom
24:54 Wheelbarrow
28:01 Imperial Age
25:35 Gold Mining
25:35 Stone Mining
27:13 Scale Barding Armor
27:18 Forging
28:02 Bloodlines
27:53 Husbandry
28:27 Chain Barding Armor
28:05 Elite Battle Elephant
28:11 Elite Skirmisher
29:40 Iron Casting
29:22 Scale Mail Armor
30:18 Gold Shaft Mining
30:05 Fortified Wall
30:36 Plate Barding Armor
30:11 Fletching
30:52 Padded Archer Armor
31:04 Paiks
32:26 Blast Furnace
32:07 Hand Cart
32:54 Bodkin Arrow
33:35 Conscription
35:52 Leather Archer Armor
35:40 Bracer
35:55 Leather Archer Armor
36:02 Ballistics
37:34 Two-Man Saw
38:16 Crop Rotation
38:47 Coinage
38:20 Caravan
38:22 Imperial Skirmisher
40:02 Mahayana
41:16 Chemistry
40:22 Siege Engineers
42:08 Ring Archer Armor
41:39 Scale Mail Armor
江哥
9:58 Feudal Age
13:46 Castle Age
11:52 Double-Bit Axe
12:15 Horse Collar
15:23 Bow Saw
21:53 Wheelbarrow
22:44 Loom
24:44 Stone Mining
25:48 Heavy Plow
26:09 Hand Cart
29:43 Imperial Age
26:59 Town Watch
27:20 Scale Barding Armor
27:25 Forging
27:32 Gold Mining
28:27 Chain Barding Armor
28:47 Stone Shaft Mining
28:21 Vendel Legacy
30:06 Iron Casting
30:48 Conscription
30:05 Elite Jarl
31:42 Crop Rotation
32:22 Two-Man Saw
32:00 Plate Barding Armor
34:11 Blast Furnace
33:15 Scale Mail Armor
32:38 Pikeman
34:05 Halberdier
36:12 Chain Mail Armor
37:40 Plate Mail Armor
38:20 Squires
40:12 Gambesons
40:12 Arson
Mick...
10:24 Feudal Age
14:33 Castle Age
13:00 Double-Bit Axe
13:23 Horse Collar
15:48 Heavy Plow
16:00 Bow Saw
16:31 Gold Mining
22:13 Scale Barding Armor
24:10 Forging
26:19 Stone Mining
27:04 Gold Shaft Mining
32:26 Imperial Age
31:04 Wheelbarrow
31:43 Husbandry
31:53 Bloodlines
32:14 Chain Barding Armor
32:30 Iron Casting
33:08 Cavalier
34:26 Plate Barding Armor
34:26 Hand Cart
33:57 Loom
36:07 Gold Shaft Mining
36:11 Light Cavalry
38:02 Blast Furnace
38:11 Conscription
37:50 Paladin
renardoracle12
9:59 Feudal Age
10:58 Double-Bit Axe
16:35 Castle Age
14:22 Horse Collar
15:58 Wheelbarrow
16:27 Scale Mail Armor
16:38 Forging
20:10 Gold Mining
22:56 Heavy Plow
23:42 Arson
24:00 Squires
27:18 Hand Cart
27:14 Arson
29:46 Chain Mail Armor
30:06 Iron Casting
29:40 Scale Barding Armor
30:04 Bow Saw
30:38 Gold Shaft Mining
33:46 Imperial Age
31:30 Light Cavalry
32:20 Bloodlines
33:28 Chain Barding Armor
36:10 Plate Mail Armor
35:04 Elite Varangian Guard
37:35 Conscription
38:05 Crop Rotation
37:35 Pikeman
40:52 Halberdier
42:00 Ballistics
Lil Fabrice
5:39 Double-Bit Axe
6:17 Horse Collar
10:17 Feudal Age
15:00 Castle Age
13:44 Bow Saw
13:36 Heavy Plow
22:21 Wheelbarrow
22:18 Gold Mining
22:44 Fortified Wall
25:14 Gold Shaft Mining
24:29 Stone Mining
28:46 Imperial Age
26:32 Hand Cart
26:03 Town Watch
26:44 Scale Barding Armor
26:50 Forging
27:22 Padded Archer Armor
28:43 Two-Man Saw
27:20 Cavalier
28:01 Husbandry
28:23 Chain Barding Armor
29:39 Iron Casting
29:12 Paladin
31:01 Chemistry
33:16 Plate Barding Armor
33:18 Conscription
34:19 Blast Furnace
36:39 Burgundian Vineyards
37:13 Caravan
37:54 Fletching
38:30 Leather Archer Armor
38:39 Bombard Tower
38:40 Ballistics
38:31 Masonry
38:01 Treadmill Crane
42:50 Coinage
PurpleGirafe
11:24 Feudal Age
15:26 Castle Age
14:05 Double-Bit Axe
20:29 Imperial Age
19:19 Fletching
19:42 Bow Saw
21:28 Loom
23:19 Chemistry
23:14 Ballistics
25:02 Padded Archer Armor
29:18 Bodkin Arrow
32:53 Bracer
33:15 Ballistics
36:21 Leather Archer Armor
37:32 Wheelbarrow
37:25 Conscription
36:48 Horse Collar
38:25 Stone Mining
38:28 Gold Mining
38:41 Heavy Plow
39:18 Ring Archer Armor
42:45 Masonry
Kefko2112
12:17 Feudal Age
15:16 Castle Age
13:22 Double-Bit Axe
13:19 Horse Collar
13:29 Gold Mining
16:13 Forging
16:09 Scale Barding Armor
16:54 Bloodlines
23:43 Iron Casting
27:40 Chain Barding Armor
31:46 Bow Saw
32:13 Wheelbarrow
36:46 Imperial Age
35:32 Scale Mail Armor
35:43 Pikeman
36:41 Chain Mail Armor
37:05 Hand Cart
36:53 Heavy Plow
37:30 Gold Shaft Mining
36:56 Halberdier
40:07 Cavalier
41:39 Light Cavalry
42:19 Husbandry
Connection lost

Rejoining the realm…

Still unreachable

The connection could not be restored.

Session expired

The server has moved on; the page needs a fresh start.